 Dungeon Crawl Stone Soup version 0.28.0-53-g5a82cb258f (webtiles) character file.

Game seed: 13580567460997263742

98 issech the Chopper (level 4, 0/40 HPs)
             Began as a Minotaur Monk on May 28, 2022.
             Slain by osoart's ghost (3 damage)
             ... on level 3 of the Dungeon.
             The game lasted 00:05:23 (2363 turns).

issech the Chopper (Minotaur Monk)                  Turns: 2363, Time: 00:05:24

Health: 0/40       AC:  3    Str: 15    XL:     4   Next: 44%
Magic:  3/3        EV: 13    Int:  7    God:
Gold:   77         SH:  0    Dex: 15    Spells: 3/3 levels left

rFire   . . .      SeeInvis .   s - +0 dagger (venom)
rCold   . . .      Faith    .   (no shield)
rNeg    . . .      Spirit   .   p - +0 leather armour
rPois   .          Reflect  .   (helmet restricted)
rElec   .          Harm     .   (no cloak)
rCorr   .          Rampage  .   (no gloves)
Will    .....                   (no boots)
Stlth   ++........              r - amulet of magic regeneration
HPRegen 0.13/turn               (no ring)
MPRegen 0.48/turn               (no ring)

@: no status effects
A: horns 2, retaliatory headbutt
a: no special abilities


You were on level 3 of the Dungeon.
You visited 1 branch of the dungeon, and saw 3 of its levels.

You collected 77 gold pieces.

Inventory:

Hand Weapons
 a - a +0 hand axe
 d - a +0 trident
 g - a +0 hand axe
 i - a +0 short sword
 q - a +0 hunting sling
 s - a +0 dagger of venom (weapon)
Missiles
 f - 15 bolts
 h - 42 stones (quivered)
 k - 35 arrows
 u - 4 poisoned darts
Armour
 b - a +0 robe
 j - a +1 helmet
 p - a +0 leather armour (worn)
Jewellery
 r - an amulet of magic regeneration (around neck)
Scrolls
 c - a scroll of identify {unknown}
 l - 2 scrolls of enchant weapon {unknown}
 m - 2 scrolls of torment {unknown}
 n - a scroll of amnesia {unknown}
 w - a scroll of teleportation {unknown}
Potions
 e - a potion of magic {unknown}
 o - 2 potions of berserk rage {unknown}
 t - 3 potions of haste {unknown}
 v - a potion of degeneration {unknown}


   Skills:
 + Level 4.2 Fighting
 + Level 4.5 Axes
 + Level 1.0 Armour
 + Level 4.2 Dodging
 + Level 2.1 Stealth


You had 3 spell levels left.
You didn't know any spells.
Your spell library was empty.

Dungeon Overview and Level Annotations

Branches:
Dungeon (3/15)

Altars:

Shops:
D:1 (

Annotations:
D:3 osoart's ghost, amateur DsBe


Innate Abilities, Weirdness & Mutations

You have a pair of horns on your head.
You reflexively headbutt those who attack you in melee.


Message History

The frilled lizard barely misses you.
You see here a +0 hunting sling.
You hit the frilled lizard.
You kill the frilled lizard!
The frilled lizard hisses angrily.
The frilled lizard closely misses you.
You closely miss the frilled lizard. The frilled lizard barely misses you.
You hit the frilled lizard.
You kill the frilled lizard!
You see here a frilled lizard corpse.
Found a runed translucent door.
Found a metallic dark potion.
Osoart's ghost turns its malevolent gaze towards you.
You open the door.
You hear the rapid rusting of a very distant drain.
The adder hisses angrily.
You hit osoart's ghost but do no damage.
Osoart's ghost hits you but does no damage.
You completely miss osoart's ghost. Osoart's ghost hits you.
You hit osoart's ghost but do no damage.
Your headbutt misses osoart's ghost. Osoart's ghost hits you!
You hit osoart's ghost.
Osoart's ghost is lightly damaged.
Osoart's ghost barely misses you. You furiously retaliate!
You headbutt osoart's ghost!
You hit osoart's ghost but do no damage.
Osoart's ghost is moderately damaged.
Osoart's ghost closely misses you. You furiously retaliate!
You headbutt osoart's ghost.
You hit osoart's ghost but do no damage.
Osoart's ghost is moderately damaged.
Osoart's ghost hits you.
* * * LOW HITPOINT WARNING * * *
You hit osoart's ghost.
Osoart's ghost is heavily damaged.
Osoart's ghost hits you!
* * * LOW HITPOINT WARNING * * *
x2 The giant cockroach waves its antennae.
Osoart's ghost hits you.
You die...

#.# #.# #.#
#.# #.# #.#
#.# #.#
#@##
#.W########
##B.#≈≈≈≈≈≈
#.S'B≈≈≈!≈
##.#≈≈≈≈≈≈
#########


You could see osoart's ghost, an adder and 2 giant cockroaches.

Vanquished Creatures
  4 adders
  4 worms
  10 ball pythons
  6 bats
  4 endoplasms
  A giant cockroach (D:2)
  2 goblins
  5 hobgoblins
  3 jackals (D:3)
  3 quokkas
  3 frilled lizards (D:3)
  4 kobolds
  A rat (D:2)
50 creatures vanquished.

Notes
Turn   | Place    | Note
-------+----------+-------------------------------------------
     0 | D:1      | issech the Minotaur Monk began the quest for the Orb.
     0 | D:1      | Reached XP level 1. HP: 19/19 MP: 0/0
   254 | D:1      | Reached XP level 2. HP: 23/27 MP: 1/1
   318 | D:1      | Found Wetu's Weapon Boutique.
   858 | D:2      | Found a faded altar of an unknown god.
   883 | D:2      | Reached XP level 3. HP: 33/33 MP: 2/2
  1540 | D:2      | Reached XP level 4. HP: 21/40 MP: 3/3
  2134 | D:3      | Reached skill level 1 in Armour
  2346 | D:3      | Found a runed translucent door.
  2349 | D:3      | Noticed osoart's ghost (amateur DsBe)
  2363 | D:3      | Slain by osoart's ghost

Illustrated notes

Levels and vault maps discovered:
D:1:      onia_arrival_mini_spirals, layout_rooms, serial_shops, shop_statue
D:2:      layout_basic, ebering_ecumenical_altar_webs, chequers_arboretum
D:3:      layout_basic, ebering_ghost_sewer_f, portal_sewer_entry_a

Skill      XL: |  1  2  3  4 |
---------------+-------------+-----
Fighting       | 4 |  4.2
Axes           | 4 |  4.5
Dodging        | 4 |  4.2
Stealth        | 2 |  2.1
Armour         | 1 |  1.0

Action                   |  1- 3 |  4- 6 || total
-------------------------+-------+-------++-------
Melee: Hand axe          |    80 |     6 ||    86
       Headbutt          |    21 |    11 ||    32
       Punch             |     1 |     2 ||     3
       Dagger            |       |    38 ||    38
Throw: Stone             |     9 |       ||     9
 Stab: Sleeping          |     3 |     1 ||     4
Armor: Robe              |    14 |       ||    14
       Leather armour    |     4 |     9 ||    13
Dodge: Dodged            |    69 |    27 ||    96
